 Dungeon Crawl Stone Soup version 0.25-a0-875-geaba134f46 (webtiles) character file.

Game seed: 14367934238636984692, levelgen mode: deterministic

703743 Flugkiller the Executioner (level 27, -15/343 (346) HPs)
             Began as a Demonspawn Warper on May 1, 2020.
             Was a Believer of Uskayaw.
             Demolished by a Tzitzimitl (19 damage)
             ... on level 7 of Tartarus.
             The game lasted 03:04:35 (73233 turns).

Flugkiller the Executioner (Demonspawn Warper)     Turns: 73233, Time: 03:04:35

HP:   -15/343 (346) AC:  7    Str: 11    XL:     27
MP:   17/37         EV: 27    Int: 19    God:    Uskayaw [**....]
Gold: 2099          SH:  0    Dex: 20    Spells: 13/46 levels left

rFire    + + .     SeeInvis +   u - +8 frozen axe "Frostbite" {freezing cloud, *Noise +Fly rC+}
rCold    + . .     Gourm    .   (shield currently unavailable)
rNeg     + . .     Faith    .   X - +2 robe {Archmagi}
rPois    +         Spirit   .   (helmet unavailable)
rElec    .         Reflect  .   w - +2 cloak {MR+}
rCorr    .         Harm     .   (gloves unavailable)
MR       ++++.                  (boots unavailable)
Stlth    ..........             T - amulet of the acrobat
HPRegen  0.67/turn              p - +5 ring of slaying
MPRegen  0.25/turn              h - ring of Genemeyf {rPois rF+ MR+ SInv}

@: berserking, very slightly contaminated, very quick
A: antennae 3, claws 3, hooves 3, fire resistance 1, ignite blood, negative
energy resistance 1, nightstalker 3, 50% torment resistance, weak 1, black mark,
flame cloud immunity, MP-powered wands
}: 3/15 runes: decaying, serpentine, silver
a: Stomp, Line Pass, Renounce Religion, Evoke Flight


You were on level 7 of Tartarus.
You worshipped Uskayaw.
Uskayaw was most pleased with you.
You were not hungry.

You visited 12 branches of the dungeon, and saw 56 of its levels.
You also visited: Trove, Ossuary, Bailey and Ice Cave.

You collected 6905 gold pieces.
You spent 4806 gold pieces at shops.

Inventory:

Hand Weapons
 u - the +8 frozen axe "Frostbite" (weapon) {freezing cloud, *Noise +Fly rC+}
   (You acquired it on level 9 of the Dungeon)

   It has been specially enchanted to freeze those struck by it, causing extra
   injury to most foes and up to half again as much damage against particularly
   susceptible opponents.
   It can also slow down cold-blooded creatures.
   It protects you from cold.
   It lets you fly.
   It may make noises in combat.
Missiles
 J - 5 throwing nets (quivered)
Armour
 w - a +2 cloak of magic resistance (worn)
   (You found it in a treasure trove)
 B - the +0 cloak of the Evening Star {rElec Str-3 Dex+8 Stlth+}
   (You found it in a treasure trove)

   It affects your strength (-3).
   It affects your dexterity (+8).
   It insulates you from electricity.
   It makes you more stealthy.
 I - a +2 cloak of poison resistance
   (You took it off a draconian shifter on level 1 of the Realm of Zot)
 X - a +2 robe of the Archmagi (worn)
   (You took it off an orc sorcerer on level 1 of the Elven Halls)
Jewellery
 h - the ring of Genemeyf (right claw) {rPois rF+ MR+ SInv}
   (You bought it in a shop on level 2 of the Orcish Mines)

   [ring of see invisible]

   It protects you from fire.
   It protects you from poison.
   It affects your resistance to hostile enchantments.
   It lets you see invisible.
 i - the ring of Hiwal {rF+ rC+ Str+3 Int+4 Stlth+}
   (You took it off a deep elf mage on level 3 of the Elven Halls)

   [ring of protection from cold]

   It affects your strength (+3).
   It affects your intelligence (+4).
   It protects you from fire.
   It protects you from cold.
   It makes you more stealthy.
 p - a +5 ring of slaying (left claw)
   (You bought it in a shop on level 2 of the Orcish Mines)
 y - an uncursed ring of protection from fire
   (You took it off a draconian shifter on level 1 of the Realm of Zot)
 E - an uncursed ring of protection from magic
   (You took it off a draconian annihilator on level 1 of the Realm of Zot)
 G - the ring "Hahux" {Wiz rN+ Str+4 Dex+2}
   (You took it off a deep elf annihilator on level 3 of the Elven Halls)

   [ring of wizardry]

   It improves your spell success rate.
   It affects your strength (+4).
   It affects your dexterity (+2).
   It protects you from negative energy.
 T - an amulet of the acrobat (around neck)
   (You took it off a naga on level 2 of the Snake Pit)
Wands
 a - a wand of paralysis (49)
   (You found it on level 15 of the Dungeon)
 e - a wand of clouds (1)
   (You found it on level 2 of the Depths)
 j - a wand of digging (30)
   (You found it on level 5 of the Dungeon)
 C - a wand of scattershot (5)
   (You found it on level 4 of the Lair of Beasts)
 F - a wand of iceblast (47)
   (You found it on level 5 of the Dungeon)
 H - a wand of acid (47)
   (You found it on level 6 of the Dungeon)
 K - a wand of disintegration (98)
   (You bought it in a shop on level 7 of the Dungeon)
 O - a wand of enslavement (25)
   (You found it on level 7 of the Dungeon)
 W - a wand of flame (148)
   (You found it on level 1 of the Lair of Beasts)
Scrolls
 c - 3 scrolls of magic mapping
 d - 3 scrolls of blinking
 k - 2 scrolls of summoning
 n - 2 scrolls of fear
 o - 19 scrolls of teleportation
 r - 25 scrolls of remove curse
 v - 3 scrolls of immolation
 x - 3 scrolls of fog
 D - 10 scrolls of amnesia
 U - 2 scrolls of vulnerability
 V - 3 scrolls of silence
 Z - 27 scrolls of identify
Potions
 b - 3 potions of resistance
 g - 5 potions of berserk rage
 m - 3 potions of haste
 q - 9 potions of stabbing
 t - 4 potions of lignification
 z - 9 potions of might
 A - 6 potions of flight
 L - 18 potions of curing
 M - 11 potions of brilliance
 N - 3 potions of mutation
 Q - 6 potions of magic
Miscellaneous
 S - a phial of floods
   (You found it in a bailey)
Comestibles
 f - 18 rations


   Skills:
 + Level 22.1 Fighting
 * Level 25.1 Axes
 - Level 0.8 Throwing
 - Level 0.8 Armour
 - Level 16.9 Dodging
 - Level 9.0 Unarmed Combat
 - Level 10.0 Spellcasting
 - Level 5.0 Conjurations
 - Level 18.0 Translocations
 - Level 12.3 Transmutations
 - Level 12.3 Earth Magic
 - Level 18.7 Invocations
 - Level 5.0 Evocations


You had 13 spell levels left.
You knew the following spells:

 Your Spells              Type           Power        Failure   Level  Hunger
a - Lesser Beckoning      Tloc           #######...   0%          3    None
b - Shroud of Golubria    Chrm/Tloc      ######       1%          2    None
c - Statue Form           Tmut/Erth      ######...    8%          6    ######.
d - Irradiate             Conj/Tmut      ######....   6%          5    #####..
e - Controlled Blink      Tloc           N/A          30%         8    #######
f - Dispersal             Tloc           #######...   1%          6    ######.
q - Apportation           Tloc           ######       0%          1    None
r - Blink                 Tloc           N/A          0%          2    None

Your spell library contained the following spells:

 Spells                   Type           Power        Failure   Level  Hunger
 Gell's Gravitas          Tloc           #######...   0%          3    None
 Teleport Other           Tloc           #######.     0%          3    None
 Beastly Appendage        Tmut           ######       1%          1    None
 Magic Dart               Conj           ####         1%          1    None
 Sandblast                Erth           ######       1%          1    None
 Sting                    Tmut/Pois      ####         1%          1    None
 Passwall                 Tmut/Erth      ######..     1%          2    None
 Searing Ray              Conj           #####.       1%          2    None
 Sticks to Snakes         Tmut           ######..     1%          2    None
 Portal Projectile        Hex/Tloc       ######       1%          3    None
 Spider Form              Tmut/Pois      #####.....   1%          3    None
 Stone Arrow              Conj/Erth      ######       1%          3    None
 Iskenderun's Mystic Bla  Conj/Tloc      ######..     1%          4    ##.....
 Passage of Golubria      Tloc           N/A          1%          4    ##.....
 Petrify                  Tmut/Erth      ######..     1%          4    ##.....
 Blade Hands              Tmut           ######....   1%          5    #####..
 Lee's Rapid Deconstruct  Erth           ######....   1%          5    #####..
 Foxfire                  Conj/Fire      ####         2%          1    None
 Shock                    Conj/Air       ####         2%          1    None
 Ignite Poison            Fire/Tmut/Pois #####...     4%          3    None
 Summon Forest            Summ/Tloc      ######....   4%          5    #####..
 Ice Form                 Ice/Tmut       #####...     6%          4    ##.....
 Hydra Form               Tmut           ######....   7%          6    ######.
 Animate Skeleton         Necr           N/A          8%          1    None
 Freeze                   Ice            ##..         8%          1    None
 Pain                     Necr           ##..         8%          1    None
 Summon Butterflies       Summ           ##......     8%          1    None
 Summon Small Mammal      Summ           ##..         8%          1    None
 Conjure Flame            Conj/Fire      ####....     8%          3    None
 Dazzling Flash           Conj/Hex       ####..       8%          3    None
 Call Imp                 Summ           ##......     11%         2    None
 Ensorcelled Hibernation  Hex/Ice        ##....       11%         2    None
 Poisonous Vapours        Pois/Air       ##....       11%         2    None
 Slow                     Hex            ##......     11%         2    None
 Song of Slaying          Chrm           ##......     11%         2    None
 Swiftness                Chrm/Air       ##......     11%         2    None
 Mephitic Cloud           Conj/Pois/Air  ###.....     12%         3    None
 Alistair's Intoxication  Tmut/Pois      #####...     17%         5    #####..
 Yara's Violent Unravell  Hex/Tmut       #####.....   17%         5    #####..
 Bolt of Magma            Conj/Fire/Erth #####.....   19%         5    #####..
 Call Canine Familiar     Summ           ##......     22%         3    None
 Frozen Ramparts          Ice            ##....       22%         3    None
 Inner Flame              Hex/Fire       ##......     22%         3    None
 Ozocubu's Armour         Chrm/Ice       ##......     22%         3    None
 Spectral Weapon          Hex/Chrm       ##......     22%         3    None
 Summon Guardian Golem    Hex/Summ       ##......     22%         3    None
 Tukima's Dance           Hex            ##......     22%         3    None
 Vampiric Draining        Necr           ##........   22%         3    None
 Fulminant Prism          Conj/Hex       ####......   26%         4    ##.....
 Hailstorm                Conj/Ice       ####....     26%         4    ##.....
 Sticky Flame             Conj/Fire      ####....     26%         4    ##.....
 Disjunction              Tloc           #######...   30%         8    #######
 Iron Shot                Conj/Erth      ######....   32%         6    ######.
 Dragon Form              Tmut           ######....   36%         7    #######
 Animate Dead             Necr           N/A          58%         4    ##.....
 Cause Fear               Hex            ##........   58%         4    ##.....
 Olgreb's Toxic Radiance  Pois           ##......     58%         4    ##.....
 Summon Ice Beast         Ice/Summ       ##......     58%         4    ##.....
 Summon Lightning Spire   Summ/Air       ##......     58%         4    ##.....
 Fireball                 Conj/Fire      ####......   58%         5    #####..
 Iskenderun's Battlesphe  Conj/Chrm      ####....     58%         5    #####..
 Malign Gateway           Summ/Tloc      ######....   83%         7    #######
 Agony                    Necr           ##......     90%         5    #####..
 Aura of Abjuration       Summ           ##........   90%         5    #####..
 Excruciating Wounds      Chrm/Necr      ##........   90%         5    #####..
 Silence                  Hex/Air        ##........   90%         5    #####..
 Summon Mana Viper        Hex/Summ       ##......     90%         5    #####..
 Conjure Ball Lightning   Conj/Air       ####......   99%         6    ######.
 Starburst                Conj/Fire      ####......   99%         6    ######.
 Invisibility             Hex            ##......     100%        6    ######.
 Orb of Destruction       Conj           #####.....   100%        7    #######
 Ring of Flames           Chrm/Fire      ##........   100%        7    #######
 Spellforged Servitor     Conj/Summ      ####......   100%        7    #######
 Summon Hydra             Summ           ##........   100%        7    #######
 Discord                  Hex            ##........   100%        8    #######
 Ignition                 Fire           ##........   100%        8    #######
 Dragon's Call            Summ           ##........   100%        9    #######
 Tornado                  Air            ##........   100%        9    #######


Dungeon Overview and Level Annotations

Branches:
Dungeon (15/15)            Temple (1/1) D:5            Lair (6/6) D:11
  Swamp (4/4) Lair:4        Snake (4/4) Lair:3        Slime (0/5) Lair:6
    Orc (2/2) D:12            Elf (3/3) Orc:2        Vaults (5/5) D:13
  Crypt (0/3) Vaults:3     Depths (5/5) D:15           Hell (visited)
    Dis (0/7) Hell            Geh (0/7) Hell            Coc (0/7) Hell
    Tar (7/7) Hell            Zot (5/5) Depths:5    Ossuary (visited)
 Bailey (visited)           IceCv (visited)

Altars:
Ashenzari
Cheibriados
Dithmenos
Gozag
Makhleb
Nemelex Xobeh
Okawaru
Qazlal
Ru
Sif Muna
Trog
Uskayaw
Vehumet
Wu Jian
Xom
The Shining One
Beogh
Jiyva

Shops:
D:4 [   D:7 *   D:10 *   D:11 %   Orc:2 :%==   Elf:2 }}   Snake:1 ((
Snake:2 (?:   Depths:5 }=}

Portals:
Hell: Depths:1 Depths:2 Depths:3 Depths:4 Depths:5
Abyss: Depths:1 Depths:2 Depths:3 Depths:4
Pandemonium: Depths:3
Ziggurat: Depths:3

Annotations:
D:4 Eustachio, Ijyb
D:7 exclusion: 2 goblins
Elf:2 3 runed translucent doors
Elf:3 3 runed translucent doors, Adaoboim's ghost, adept DDFi
Depths:3 exclusions: 2 daevas, downstairs and 2 more exclusions


Innate Abilities, Weirdness & Mutations

You have a pair of large antennae on your head. (SInv)
You have claws for hands.
You have hooves in place of feet.
Your flesh is heat resistant. (rF+)
Your demonic aura causes spilled blood to erupt in flames.
You resist negative energy. (rN+)
You are completely attuned to the shadows.
You are somewhat able to resist unholy torments (1 in 2 success).
Your melee attacks may debilitate your foes.
You are immune to clouds of flame.
You are weak. (Str -2)
You expend magic power (3 MP) to strengthen your wands.


Message History

The soul eater is engulfed in blazing flames.
The soul eater draws from the surrounding life force!
* * * LOW HITPOINT WARNING * * *
The soul eater is healed.
You slash the reaper! You freeze the reaper.
The reaper is moderately wounded.
You slash the soul eater! The Tzitzimitl gestures at you.
The bolt of cold hits the soul eater!!
The soul eater resists.
You hear a sizzling sound!
The soul eater draws from the surrounding life force!
* * * LOW HITPOINT WARNING * * *
The soul eater is healed.
You closely miss the reaper.
The reaper is moderately wounded.
You closely miss the soul eater. The reaper barely misses you.
The soul eater closely misses you.
Unknown command.
You slash the reaper! You freeze the reaper. Your kick misses the reaper.
The reaper is moderately wounded.
You hit the soul eater but do no damage.
Unknown command.
You hit the reaper but do no damage.
The reaper is moderately wounded.
You hit the soul eater but do no damage.
The reaper completely misses you. The reaper closely misses you.
The soul eater closely misses you.
Unknown command.
You barely miss the reaper. You kick the reaper.
The reaper is moderately wounded.
You slash the Tzitzimitl! You hit the soul eater. You freeze the soul eater.
The Tzitzimitl closely misses you. The Tzitzimitl misses you.
The soul eater completely misses you.
A flayed ghost comes into view.
The reaper closely misses you.
You can now pass through a line of other dancers.
Unknown command.
You slash the reaper! You freeze the reaper. You kick the reaper.
The reaper is severely wounded.
You hit the Tzitzimitl.
The Tzitzimitl's magic leaks into the air.
You barely miss the soul eater. The reaper closely misses you.
The Tzitzimitl closely misses you. The Tzitzimitl bites you.
* * * LOW HITPOINT WARNING * * *
You feel your flesh rotting away!
Unknown command.
Unknown command.
A red film seems to cover your vision as you go berserk!
You feel yourself moving faster!
You feel mighty! The Tzitzimitl engulfs you!!
You die...

*,,,,,,,,*,*{{,,*,*,*,,,,,,**,**,
***++++*****{**,*,,,*,,,*+**,,*,,
*,,,,,,,,**,,,*+*,***,,,*,*,,**,*
,,,,,,,,,,*,{,*,,,*,,****,,,**,,*
,,*,,,,*,,*,,###***,,*,,,,***,,**
,,*,,,,*,,,,,#.#,,,***,****,,,**,
,**,,,,**,,,##)##,,*,,,,,,,,***,,
****,,****,##.†2##{*,********,,,*
**,****.####..)3@#**,+,,,,,,,,***
,,,,,,,......).°.12#***,,,,****,,
≈≈≈≈≈≈≈≈.............,,,,,,,,,,,,
≈≈≈≈≈≈≈≈≈≈≈≈≈≈≈.W....,,,,,,,,,,,,
≈≈≈≈≈≈≈≈≈≈≈≈≈≈≈≈≈≈≈≈≈≈≈,,,,,,,,,,
≈≈≈≈≈≈≈≈≈≈≈≈≈)≈≈{≈≈≈≈≈≈≈≈≈≈≈≈≈≈≈≈
≈≈≈≈≈≈{≈≈≈≈≈≈≈≈≈≈≈≈≈≈≈≈≈≈≈≈≈≈≈≈≈≈
≈≈≈≈≈≈≈≈≈≈≈≈≈≈≈≈≈≈≈≈≈≈≈≈≈≈≈≈≈≈≈≈≈
≈≈≈≈≈≈≈≈≈≈≈≈≈≈≈≈≈≈≈≈≈≈≈≈≈≈≈≈≈≈≈≈≈


You could see a Tzitzimitl, 2 reapers, a soul eater and a flayed ghost.

Vanquished Creatures
  5 orbs of fire
  6 ancient liches (Zot:5)
  A juggernaut (Depths:4)
  7 Killer Klowns
  Vashnia (Snake:4)
  3 caustic shrikes (Depths:5)
  Saint Roka (Snake:4)
  A curse toe (Zot:5)
  6 golden dragons
  Geryon (Hell)
  Jory (Vaults:5)
  9 Tzitzimimeh
  4 electric golems
  7 doom hounds
  4 bone dragons (Tar:6)
  An iron giant (shapeshifter) (Elf:3)
  Rupert (Lair:5)
  17 tentacled monstrosities
  25 Orb Guardians (Zot:5)
  3 quicksilver dragons
  A lich (Vaults:1)
  Murray (Depths:5)
  4 titans
  2 deep elf master archers (Elf:3)
  11 death cobs
  Frances (D:12)
  4 sphinxes
  3 deep elf blademasters (Elf:3)
  13 tengu reavers
  7 draconian monks
  2 thorn hunters
  Kirke (Lair:4)
  2 ancient champions
  9 shadow dragons
  19 storm dragons
  Donald (Swamp:4)
  11 nagarajas
  An azure jelly (shapeshifter) (Depths:1)
  3 iron dragons
  14 fire giants
  9 deep elf sorcerers
  2 balrugs (Zot:1)
  2 orc warlords
  8 frost giants
  4 draconian scorchers
  15 vault wardens
  3 draconian knights
  Louise (Snake:2)
  4 ghost moths
  3 draconian annihilators
  4 deep elf elementalists
  An angel (Depths:2)
  A draconian stormcaller (Zot:5)
  6 draconian shifters
  19 reapers
  7 very ugly things
  12 ironheart preservers
  4 war gargoyles
  14 stone giants
  Nessos (D:12)
  6 vampire knights
  8 green draconians
  10 white draconians
  6 spark wasps
  11 black draconians
  5 deep elf demonologists
  9 deep elf annihilators
  6 yellow draconians
  6 purple draconians
  6 red draconians
  A crystal guardian (Vaults:4)
  9 ettins
  Snorg (D:12)
  6 deep elf death magi (Elf:3)
  5 blizzard demons
  6 jiangshi (Tar:6)
  A merfolk impaler (Depths:5)
  9 yaktaur captains
  7 deep elf high priests
  17 fire dragons
  Fannar (Orc:1)
  Harold (Lair:1)
  Erolcha (Orc:1)
  17 naga warriors
  6 rakshasas
  7 great orbs of eyes
  26 vault guards
  21 hydras
  7 ice dragons
  2 hell beasts (Hell)
  10 ogre magi
  11 centaur warriors
  10 alligators
  2 spriggan air magi
  16 dancing weapons
  2 ghost crabs
  A shambling mangrove (Swamp:4)
  6 anacondas
  19 two-headed ogres
  3 death knights
  5 deep troll shamans
  6 death yaks (Lair:6)
  2 tengu warriors (Depths:1)
  7 deep troll earth magi
  A death yak (shapeshifter) (D:15)
  7 vampire magi
  9 hell hogs (Hell)
  A titan zombie (Tar:7)
  5 orc high priests (Orc:2)
  3 spriggan berserkers (Depths:4)
  A shock serpent (shapeshifter) (D:14)
  5 shock serpents
  25 naga sharpshooters
  A fire crab (shapeshifter) (Vaults:5)
  14 deep elf knights
  18 soul eaters
  10 hell knights
  4 shadow wraiths
  A sixfirhy (Depths:3)
  2 iron golems (Hell)
  A golden dragon zombie (Tar:6)
  9 shadow demons
  Nergalle (Lair:4)
  3 sun demons (Hell)
  2 titan skeletons
  A salamander mystic (Snake:3)
  An iron troll (Depths:1)
  58 skeletal warriors
  A large abomination (Vaults:4)
  26 deep trolls
  2 death drakes (shapeshifter)
  3 unseen horrors
  A deep troll (shapeshifter) (Vaults:5)
  9 sea snakes (Snake:4)
  A spriggan druid (Swamp:4)
  2 flayed ghosts
  2 anaconda zombies (Hell)
  A glowing orange brain (Depths:4)
  An orange crystal statue (Depths:1)
  A shadow dragon zombie (Tar:6)
  22 deep elf archers
  9 wizards
  7 naga ritualists
  19 orc knights
  10 swamp dragons
  A lindwurm (Lair:6)
  15 ironbrand convokers
  5 phantasmal warriors
  10 mana vipers
  A wolf spider zombie (Tar:6)
  An anaconda skeleton (Tar:2)
  A harpy (Vaults:4)
  5 necromancers
  A golden dragon skeleton (Tar:3)
  56 ugly things
  3 wolf spiders
  7 orc sorcerers
  A stone giant zombie (Tar:6)
  68 deep elf magi
  An iron dragon zombie (Tar:6)
  A salamander (shapeshifter) (Depths:4)
  19 moths of wrath
  A shadow dragon skeleton (Tar:3)
  2 frost giant zombies
  8 cyclopes
  2 manticores (D:12)
  41 black mambas
  A frost giant skeleton (Tar:6)
  20 elephants
  10 salamanders
  22 naga magi
  8 guardian serpents
  A black mamba (shapeshifter) (Vaults:3)
  Maurice (D:12)
  An iron dragon skeleton (Tar:2)
  2 stone giant skeletons
  9 rust devils
  2 molten gargoyles (Hell)
  An orange demon (Depths:3)
  A guardian serpent (shapeshifter) (D:15)
  17 vault sentinels
  23 spiny frogs
  6 smoke demons (Hell)
  8 spectral swamp worms (Tar:7)
  2 gargoyles
  2 ice statues (IceCv)
  5 hellions
  A komodo dragon (shapeshifter) (Vaults:2)
  2 rime drakes
  Maggie (D:6)
  7 tormentors
  An efreet (D:15)
  7 komodo dragons
  A yaktaur skeleton (Vaults:4)
  4 ice devils
  68 yaktaurs
  10 trolls
  3 red devils (Hell)
  A hydra zombie (Tar:2)
  13 freezing wraiths
  3 meliai (D:13)
  5 tengu conjurers
  20 polar bears
  A hornet (shapeshifter) (Depths:1)
  A catoblepas skeleton (Tar:6)
  Prince Ribbit (D:6)
  12 tyrant leeches
  18 hornets
  34 slime creatures
  3 hydra skeletons
  18 blink frogs
  9 hippogriffs
  7 bog bodies
  2 ettin zombies
  A meliai zombie (D:15)
  A dream sheep (shapeshifter) (D:15)
  2 dream sheep (Lair:6)
  3 raiju (shapeshifter)
  A frost giant simulacrum (Vaults:2)
  An ice dragon skeleton (Tar:6)
  38 flying skulls
  11 shadows
  12 water elementals
  7 air elementals
  20 spriggans
  A vampire (D:12)
  8 wraiths
  4 wyverns
  A human (D:8)
  A black mamba skeleton (Tar:3)
  4 fire bats (Depths:2)
  3 basilisks
  A yak (shapeshifter) (Vaults:2)
  A basilisk (shapeshifter) (Depths:1)
  51 yaks
  8 hogs
  A human (shapeshifter) (Vaults:3)
  7 fire elementals
  A chaos spawn (Depths:3)
  A steam dragon (D:10)
  2 hungry ghosts
  10 vampire mosquitoes
  A swamp worm (shapeshifter) (Vaults:5)
  10 wargs
  15 swamp worms
  16 insubstantial wisps
  66 nagas
  A hydra simulacrum (Hell)
  16 water moccasins
  2 acid dragons
  A floating eye (shapeshifter) (Elf:2)
  2 floating eyes
  15 hell hounds
  3 spiny frog zombies
  Duvessa (D:4)
  A merfolk skeleton (Tar:3)
  2 spiny frog skeletons (Hell)
  6 porcupines
  A swamp drake (shapeshifter) (D:14)
  7 black bears
  6 ice beasts
  2 eyes of draining
  10 swamp drakes
  A snapping turtle zombie (Tar:6)
  6 sky beasts
  64 orc warriors
  17 necrophages
  17 boggarts
  A phantom (D:8)
  28 wolves
  33 ogres
  15 centaurs
  A centaur (shapeshifter) (Depths:4)
  A manticore skeleton (Tar:6)
  7 crocodiles
  2 big kobolds (D:13)
  A wyvern zombie (D:9)
  13 bullfrogs
  4 earth elementals
  Dowan (D:4)
  A wyvern skeleton (D:13)
  4 scorpions
  A troll zombie (Tar:2)
  A snapping turtle simulacrum (Tar:3)
  10 killer bees
  21 wights
  5 howler monkeys
  9 electric eels
  3 centaur zombies
  13 crimson imps
  2 quasits
  A bullfrog zombie (D:11)
  23 orc wizards
  8 centaur skeletons
  6 hounds
  5 human zombies
  7 jellies
  37 orc priests
  2 bullfrog skeletons
  9 hell rats
  3 iguanas
  12 worker ants
  A killer bee zombie (D:7)
  3 big kobold zombies (Ossuary)
  A hound zombie (D:8)
  4 mummies (Ossuary)
  9 gnolls
  A howler monkey skeleton (D:4)
  A worker ant zombie (D:9)
  19 adders
  11 shadow imps
  12 white imps (Lair:2)
  An ooze (D:3)
  An adder zombie (Ossuary)
  A dart slug (D:3)
  3 leopard geckos
  150 orcs
  9 bats
  6 giant cockroaches
  14 goblins
  A hobgoblin (shapeshifter) (Vaults:3)
  9 hobgoblins
  3 jackals (D:2)
  20 kobolds
  6 quokkas
  8 frilled lizards
  A gnoll zombie (Ossuary)
  A goblin zombie (Ossuary)
  A kobold zombie (Ossuary)
  A leopard gecko zombie (D:5)
  An orc zombie (Ossuary)
  7 rats
  5 briar patches
  A butterfly (Lair:4)
  4 crawling corpses (Elf:3)
  4 fungi
  10 plants
2714 creatures vanquished.

Vanquished Creatures (collateral kills)
  A Killer Klown (Zot:2)
  A purple draconian (Zot:2)
  A yaktaur (Vaults:5)
3 creatures vanquished.

Vanquished Creatures (others)
  Nikola (Snake:4)
  Asterion (Vaults:3)
  3 death cobs (Zot:5)
  A fire giant (Zot:1)
  A deep elf demonologist (Elf:1)
  A red draconian (Zot:1)
  A purple draconian (Zot:1)
  An ogre mage (Vaults:1)
  A naga ritualist (Snake:3)
  2 deep elf magi
  A salamander (Snake:3)
  A moth of wrath (Zot:1)
  A rust devil (Hell)
  2 vault sentinels
  A blink frog (Swamp:4)
  A swamp drake (Swamp:4)
  A crimson imp (Hell)
  2 hell rats (Hell)
  An adder (D:8)
  2 kobolds (Bailey)
  2 fungi (D:6)
  15 plants
  4 tentacles (Tar:7)
47 creatures vanquished.

Grand Total: 2764 creatures vanquished

Notes
Turn   | Place    | Note
-------+----------+-------------------------------------------
     0 | D:1      | Flugkiller the Demonspawn Warper began the quest for the
                  | Orb.
     0 | D:1      | Reached XP level 1. HP: 16/16 MP: 3/3
   497 | D:1      | Gained mutation: You have sharp fingernails. [demonic
                  | ancestry]
   497 | D:1      | Reached XP level 2. HP: 20/23 MP: 5/5
   825 | D:1      | Reached skill level 1 in Unarmed Combat
  1094 | D:1      | Gained mutation: You expend magic power (3 MP) to
                  | strengthen your wands. [potion of mutation]
  1094 | D:1      | Gained mutation: Potions are less effective at restoring
                  | your health. [potion of mutation]
  1094 | D:1      | Gained mutation: Your flesh is cold resistant. (rC+)
                  | [potion of mutation]
  1098 | D:1      | Gained mutation: You have large cloven feet. [demonic
                  | ancestry]
  1098 | D:1      | Reached XP level 3. HP: 22/28 MP: 6/6
  1690 | D:2      | Found a burning altar of Makhleb.
  1763 | D:2      | Found a stormy altar of Qazlal.
  2212 | D:2      | Found a hide-covered altar of Uskayaw.
  2223 | D:2      | Reached XP level 4. HP: 31/34 MP: 7/7
  2234 | D:2      | Became a worshipper of Uskayaw the Reveler
  2258 | D:2      | Reached * piety under Uskayaw
  2761 | D:3      | Reached ** piety under Uskayaw
  3679 | D:3      | Gained mutation: You have a pair of small antennae on your
                  | head. [demonic ancestry]
  3679 | D:3      | Reached XP level 5. HP: 38/39 MP: 8/8
  3685 | D:3      | You fall into a shaft and drop 2 floors!
  3685 | D:5      | Entered Level 5 of the Dungeon
  3687 | D:5      | Noticed a centaur
  3694 | D:5      | Killed a centaur
  3694 | D:5      | Reached *** piety under Uskayaw
  3712 | D:5      | Found a staircase to the Ecumenical Temple.
  3721 | Temple   | Entered the Ecumenical Temple
  3848 | D:5      | Reached XP level 6. HP: 46/47 MP: 5/9
  4431 | D:3      | Found an opulent altar of Gozag.
  4449 | D:3      | Found a shadowy altar of Dithmenos.
  4679 | D:4      | Learned a level 2 spell: Blink
  4682 | D:4      | Learned a level 2 spell: Shroud of Golubria
  4689 | D:4      | Found Totaostrash's Armour Shoppe.
  4986 | D:4      | Noticed Duvessa
  4986 | D:4      | Noticed Dowan
  5023 | D:4      | Killed Duvessa
  5025 | D:4      | Reached **** piety under Uskayaw
  5031 | D:4      | Reached ***** piety under Uskayaw
  5035 | D:4      | Killed Dowan
  5035 | D:4      | Reached skill level 5 in Unarmed Combat
  5035 | D:4      | Gained mutation: Your flesh is heat resistant. (rF+)
                  | [demonic ancestry]
  5035 | D:4      | Reached XP level 7. HP: 41/54 MP: 8/10
  5060 | D:4      | Noticed Eustachio
  5148 | D:4      | Noticed Ijyb
  5540 | D:5      | Found a sparkling altar of Nemelex Xobeh.
  6351 | D:6      | Reached skill level 5 in Fighting
  6371 | D:6      | Noticed Prince Ribbit
  6394 | D:6      | Killed Prince Ribbit
  6394 | D:6      | Gained mutation: You have very sharp fingernails. [demonic
                  | ancestry]
  6394 | D:6      | Reached XP level 8. HP: 55/62 MP: 8/11
  6655 | D:6      | Noticed Maggie
  6829 | D:6      | Killed Maggie
  6829 | D:6      | Reached skill level 5 in Dodging
  7008 | D:6      | Found a snail-covered altar of Cheibriados.
  7101 | D:6      | Reached skill level 5 in Invocations
  7476 | D:7      | Found a sacrificial altar of Ru.
  7481 | D:6      | Reached skill level 1 in Evocations
  7481 | D:6      | Gained mutation: You have a pair of antennae on your head.
                  | [demonic ancestry]
  7481 | D:6      | Reached XP level 9. HP: 69/69 MP: 9/12
  7902 | D:7      | Found a shattered altar of Ashenzari.
  8036 | D:7      | Found Moyt's Assorted Antiques.
  8044 | D:7      | Bought a scroll labeled SIASAZ PAOXZI for 27 gold pieces
  8044 | D:7      | Bought a scroll labeled MEROFA BAHIY for 27 gold pieces
  8044 | D:7      | Bought a scroll labeled TUOCKES LOKK for 27 gold pieces
  8044 | D:7      | Bought a tapered fluorescent wand for 108 gold pieces
  8087 | D:7      | Found a sand-covered staircase.
  8094 | Ossuary  | Entered an ossuary
  8499 | D:7      | Found an ornate altar of the Wu Jian Council.
  8622 | D:7      | Reached skill level 5 in Evocations
  8669 | D:7      | Found an iron altar of Okawaru.
  9206 | D:8      | Gained mutation: You have a pair of large antennae on your
                  | head. (SInv) [demonic ancestry]
  9206 | D:8      | Reached XP level 10. HP: 59/77 MP: 16/16
 10173 | D:8      | Found a shattered altar of Ashenzari.
 10281 | D:8      | Found a bloodstained altar of Trog.
 10575 | D:9      | Found a flagged portal.
 10626 | Bailey   | Entered a bailey
 10631 | Bailey   | Noticed an orc warlord
 10728 | Bailey   | Found a runed translucent gate.
 10729 | Bailey   | Found a runed translucent gate.
 10730 | Bailey   | Found a runed translucent gate.
 10893 | Bailey   | Killed an orc warlord
 11228 | D:9      | Identified a scroll of acquirement
 11229 | D:9      | Found the +8 frozen axe "Frostbite" {freezing cloud, *Noise
                  | +Fly rC+}
 11415 | D:9      | Reached skill level 2 in Axes
 11662 | D:9      | Found a sacrificial altar of Ru.
 11708 | D:9      | Reached skill level 3 in Axes
 11743 | D:9      | Found a shimmering blue altar of Sif Muna.
 12105 | D:10     | Entered Level 10 of the Dungeon
 12105 | D:10     | Found Yluriy's Assorted Antiques.
 12105 | D:10     | Noticed an unseen horror
 12119 | D:10     | Killed an unseen horror
 12119 | D:10     | Reached skill level 4 in Axes
 12119 | D:10     | Gained mutation: You are slightly more attuned to the
                  | shadows. [demonic ancestry]
 12119 | D:10     | Reached XP level 11. HP: 61/85 MP: 12/17
 12443 | D:10     | Reached skill level 5 in Axes
 12460 | D:10     | Reached skill level 6 in Axes
 12534 | D:10     | Found a snail-covered altar of Cheibriados.
 13049 | D:11     | Reached skill level 7 in Axes
 13056 | D:11     | Found a staircase to the Lair.
 13314 | D:11     | Noticed a purple ugly thing
 13322 | D:11     | Killed a purple ugly thing
 13322 | D:11     | Reached skill level 8 in Axes
 13348 | D:11     | Found Zeoceil's Food Boutique.
 13492 | D:11     | Reached skill level 11 in Axes
 13492 | D:11     | Gained mutation: You are immune to clouds of flame.
                  | [demonic ancestry]
 13492 | D:11     | Reached XP level 12. HP: 91/91 MP: 18/18
 13996 | Lair:1   | Entered Level 1 of the Lair of Beasts
 14747 | Lair:1   | Noticed Harold
 14758 | Lair:1   | Killed Harold
 15147 | Lair:2   | Reached skill level 12 in Axes
 15240 | Lair:2   | Found a frozen archway.
 15245 | Lair:2   | Gained mutation: Your demonic aura causes spilled blood to
                  | erupt in flames. [demonic ancestry]
 15245 | Lair:2   | Reached XP level 13. HP: 50/98 MP: 19/19
 15253 | IceCv    | Entered an ice cave
 15906 | IceCv    | Noticed a frost giant
 15919 | IceCv    | Killed a frost giant
 16436 | Lair:2   | Learned a level 3 spell: Lesser Beckoning
 17156 | Lair:3   | Found a staircase to the Snake Pit.
 17691 | Lair:3   | Reached skill level 10 in Fighting
 17691 | Lair:3   | Reached skill level 13 in Axes
 18436 | Lair:4   | Noticed Nergalle
 18446 | Lair:4   | Killed Nergalle
 18578 | Lair:4   | Found a staircase to the Swamp.
 18934 | Lair:4   | Noticed Kirke
 18941 | Lair:4   | Killed Kirke
 19322 | Lair:5   | Noticed Rupert
 19327 | Lair:5   | Killed Rupert
 19327 | Lair:5   | Gained mutation: You have claws for hands. [demonic
                  | ancestry]
 19327 | Lair:5   | Reached XP level 14. HP: 110/110 MP: 13/20
 19735 | Lair:5   | Found a snail-covered altar of Cheibriados.
 20151 | Lair:6   | Entered Level 6 of the Lair of Beasts
 20151 | Lair:6   | Found a staircase to the Slime Pits.
 20151 | Lair:6   | Found a viscous altar of Jiyva.
 20172 | Lair:6   | Reached skill level 10 in Dodging
 20184 | Lair:6   | Reached ****** piety under Uskayaw
 20416 | Lair:6   | Got an iridescent whip
 20417 | Lair:6   | Identified the +6 whip of the Boiling Point {venom, rC+
                  | Int+4 SInv} (You found it on level 6 of the Lair of Beasts)
 20534 | Lair:6   | Reached skill level 14 in Axes
 21668 | D:12     | Noticed Maurice
 21674 | D:12     | Killed Maurice
 21720 | D:12     | Found a roughly hewn altar of Beogh.
 21720 | D:12     | Found a staircase to the Orcish Mines.
 21971 | D:12     | Reached XP level 15. HP: 116/122 MP: 18/21
 21995 | D:12     | Noticed Frances
 22009 | D:12     | Killed Frances
 22013 | D:12     | Noticed Snorg
 22031 | D:12     | Killed Snorg
 22263 | D:12     | Got a steaming whip
 22264 | D:12     | Identified the +8 whip "Hygidoes" {flame, rPois rN+} (You
                  | found it on level 12 of the Dungeon)
 22375 | D:12     | Noticed Nessos
 22398 | D:12     | Killed Nessos
 22622 | D:12     | Found a shimmering blue altar of Sif Muna.
 22644 | D:12     | You fall into a shaft and drop 3 floors!
 22644 | D:15     | Entered Level 15 of the Dungeon
 22766 | D:14     | Found an iron altar of Okawaru.
 22983 | D:13     | Reached skill level 10 in Invocations
 23056 | D:13     | Found a gate to the Vaults.
 23247 | D:13     | Reached skill level 15 in Axes
 23608 | D:13     | Found Owostuel's Distillery.
 23707 | D:13     | Found a portal to a secret trove of treasure.
 23757 | D:13     | Identified the +0 ring mail of Bipla {Dex+7}
 24641 | D:15     | Found a staircase to the Depths.
 24646 | D:15     | Gained mutation: You resist negative energy. (rN+) [demonic
                  | ancestry]
 24646 | D:15     | Reached XP level 16. HP: 131/131 MP: 24/24
 25605 | Orc:1    | Entered Level 1 of the Orcish Mines
 25606 | Orc:1    | Noticed Fannar
 25619 | Orc:1    | Killed Fannar
 25768 | Orc:2    | Entered Level 2 of the Orcish Mines
 25958 | Orc:2    | Found a roughly hewn altar of Beogh.
 26033 | Orc:2    | Found Boifoph's Jewellery Boutique.
 26049 | Orc:2    | Found Pelauf's Jewellery Shop.
 26579 | Orc:2    | Found a staircase to the Elven Halls.
 26875 | Orc:2    | Found a roughly hewn altar of Beogh.
 27038 | Orc:2    | Found Wecuam's Food Emporium.
 27248 | Orc:2    | Found Ydofom's Book Boutique.
 27434 | Orc:2    | Bought a book of Transfigurations for 715 gold pieces
 27441 | Orc:2    | Learned a level 6 spell: Statue Form
 27447 | Orc:2    | Learned a level 5 spell: Irradiate
 27503 | Orc:2    | Bought a +5 ring of slaying for 1250 gold pieces
 27725 | Swamp:1  | Entered Level 1 of the Swamp
 27878 | Swamp:1  | Reached skill level 1 in Transmutations
 27884 | Swamp:1  | Reached skill level 1 in Earth Magic
 29674 | Swamp:2  | Found a shimmering altar of Xom.
 29730 | Swamp:2  | Noticed a thorn hunter
 29739 | Swamp:2  | Killed a thorn hunter
 30026 | Swamp:2  | Found the +6 arbalest "Damnation" {damnation}
 30956 | Swamp:3  | Gained mutation: You have hoof-like feet. [demonic
                  | ancestry]
 30956 | Swamp:3  | Reached XP level 17. HP: 125/139 MP: 21/25
 31086 | Swamp:3  | Reached skill level 5 in Spellcasting
 31165 | Swamp:4  | Entered Level 4 of the Swamp
 31378 | Swamp:4  | Reached skill level 5 in Transmutations
 31378 | Swamp:4  | Reached skill level 5 in Earth Magic
 31648 | Swamp:4  | Noticed Donald
 31654 | Swamp:4  | Killed Donald
 32557 | Swamp:4  | Got a decaying rune of Zot
 32877 | Snake:1  | Entered Level 1 of the Snake Pit
 33751 | Snake:1  | Found Wutruroiz's Weapon Shoppe.
 33757 | Snake:1  | Found Nixkano's Antique Weapon Emporium.
 34323 | Snake:2  | Noticed Louise
 34669 | Orc:2    | Bought the ring of Genemeyf {rPois rF+ MR+ SInv} for 388
                  | gold pieces
 34940 | Snake:2  | Killed Louise
 35052 | Snake:2  | Found Muosylu's Weapon Boutique.
 35054 | Snake:2  | Found Ungitui's Magic Scroll Shop.
 35056 | Snake:2  | Found Lasseh's Book Boutique.
 35070 | Snake:2  | Bought a scroll of teleportation for 30 gold pieces
 35070 | Snake:2  | Bought a scroll of teleportation for 30 gold pieces
 35489 | Snake:2  | Reached XP level 18. HP: 129/146 MP: 23/27
 36788 | Orc:1    | Noticed Erolcha
 36801 | Orc:1    | Killed Erolcha
 37183 | Snake:3  | Reached skill level 10 in Transmutations
 37183 | Snake:3  | Reached skill level 10 in Earth Magic
 37667 | Snake:4  | Entered Level 4 of the Snake Pit
 37699 | Snake:4  | Noticed Nikola
 37706 | Snake:4  | Killed Nikola
 37713 | Snake:4  | Noticed Saint Roka
 37722 | Snake:4  | Killed Saint Roka
 37726 | Snake:4  | Noticed Vashnia
 37751 | Snake:4  | Killed Vashnia
 38660 | Snake:4  | Reached XP level 19. HP: 152/152 MP: 26/28
 39364 | Snake:4  | Got a serpentine rune of Zot
 39889 | Elf:1    | Entered Level 1 of the Elven Halls
 39925 | Elf:1    | Reached skill level 1 in Conjurations
 40168 | Elf:1    | Found a shimmering altar of Xom.
 40264 | Elf:1    | Identified the Tome of the Entourage
 40629 | Elf:2    | Found Ytup's Gadget Boutique.
 40636 | Elf:2    | Reached skill level 5 in Conjurations
 40792 | Elf:2    | Found the +8 longbow "Zephyr" {speed, Dex+3 SInv}
 40961 | Elf:2    | Reached skill level 16 in Axes
 41053 | Elf:2    | Found Ycicsioc's Gadget Boutique.
 41136 | Elf:2    | Paralysed by a floating eye for 3 turns
 41205 | Elf:2    | Found a runed translucent gate.
 41205 | Elf:2    | Found a runed translucent gate.
 41205 | Elf:2    | Found a runed translucent gate.
 41246 | Elf:3    | Entered Level 3 of the Elven Halls
 41834 | Elf:3    | Found a runed translucent gate.
 41834 | Elf:3    | Found a runed translucent gate.
 41834 | Elf:3    | Found a runed translucent gate.
 41837 | Elf:3    | Noticed Adaoboim's ghost (adept DDFi)
 42581 | Elf:3    | Gained mutation: You are somewhat able to resist unholy
                  | torments (1 in 2 success). [demonic ancestry]
 42581 | Elf:3    | Reached XP level 20. HP: 142/160 MP: 16/30
 42715 | Elf:3    | Identified the ring "Hahux" {Wiz rN+ Str+4 Dex+2}
 42724 | Elf:3    | Identified the cursed +1 lajatang of Devotion {drain, Str+2
                  | Int+4}
 42724 | Elf:3    | Identified the +8 steam dragon scales of Panentheism
                  | {Int+2}
 43026 | Elf:3    | Identified the +5 crystal plate armour of Sunlight {rC++
                  | Int-2 Slay+2 SInv}
 43450 | Elf:3    | Identified the +7 dagger of Circularity {protect, rC+
                  | Int+2}
 43500 | Elf:3    | Identified the ring of Hiwal {rF+ rC+ Str+3 Int+4 Stlth+}
 43791 | Elf:3    | Identified the +6 mace "Jebirimy" {drain, Int+3}
 43809 | Elf:3    | Reached skill level 15 in Fighting
 44631 | Elf:3    | Identified the Papyrus of the Sinister Traveller
 44951 | Vaults:1 | Entered Level 1 of the Vaults
 44955 | Vaults:1 | Reached skill level 17 in Axes
 45048 | Vaults:1 | Identified the +1 robe "Ygaocrank" {rF++ MR++ Int-2}
 45063 | Vaults:1 | Found a radiant altar of Vehumet.
 45064 | Vaults:1 | Found the -2 hat of the Alchemist {rElec rPois rF+ rC+ rN+
                  | MR+ rMut rCorr}
 45091 | Vaults:1 | Found the +0 mask of the Dragon {MR+ Slay+3 SInv}
 46882 | Vaults:2 | Reached XP level 21. HP: 145/169 MP: 27/31
 48098 | Vaults:3 | Reached skill level 5 in Translocations
 48617 | Vaults:3 | Noticed Asterion
 48619 | Vaults:3 | Reached skill level 18 in Axes
 48630 | Vaults:3 | Killed Asterion
 48793 | Vaults:3 | Found a staircase to the Crypt.
 50423 | Vaults:4 | Reached skill level 15 in Invocations
 51162 | Vaults:5 | Entered Level 5 of the Vaults
 51167 | Vaults:5 | Reached skill level 15 in Dodging
 51343 | Vaults:5 | Gained mutation: You have hooves in place of feet. [demonic
                  | ancestry]
 51343 | Vaults:5 | Reached XP level 22. HP: 178/178 MP: 22/33
 51355 | Vaults:5 | Reached skill level 19 in Axes
 51365 | Vaults:5 | Identified the cursed +0 robe of Qucoipist {*Contam rElec
                  | rPois rC++}
 52213 | Vaults:5 | Noticed a golden dragon
 52354 | Vaults:5 | Killed a golden dragon
 52357 | Vaults:5 | Got a silver rune of Zot
 52792 | Vaults:5 | Identified the Papyrus of Supportive Air
 53302 | Vaults:5 | Found the +4 skin of Zhor {Englaciate rC+++ SInv}
 53304 | Vaults:5 | Identified the +10 spear of Vengeance {vorpal, rPois MR+
                  | Dex-4}
 53340 | Vaults:5 | Gained mutation: Your melee attacks may debilitate your
                  | foes. [demonic ancestry]
 53340 | Vaults:5 | Reached XP level 23. HP: 186/187 MP: 35/35
 53434 | Vaults:5 | Got a transparent ring mail
 53438 | Vaults:5 | Identified the +5 ring mail of Fauteywn {Int+4 Slay-6 SInv}
                  | (You found it on level 5 of the Vaults)
 53554 | Vaults:5 | Noticed Jory
 53569 | Vaults:5 | Killed Jory
 53940 | Vaults:5 | Identified the Guide on Malediction
 53945 | Vaults:5 | Got a smoking ring mail
 53947 | Vaults:5 | Identified the +3 ring mail "Kis Zurph" {*Drain MR- Str+9
                  | Slay+3} (You found it on level 5 of the Vaults)
 53975 | Vaults:5 | Identified the Almanac of Lucky Lightness
 53977 | Vaults:5 | Reached skill level 20 in Axes
 53977 | Vaults:5 | Reached XP level 24. HP: 195/195 MP: 35/35
 54377 | D:13     | You paid a toll of 2 scrolls of acquirement to enter a
                  | treasure trove
 54378 | Trove    | Entered a treasure trove
 54383 | Trove    | Got a slimy plate armour
 54392 | Trove    | Got a faintly humming chain mail
 54401 | Trove    | Got a faintly humming cloak
 54403 | Trove    | Got a heavily runed chain mail
 54411 | Trove    | Identified the +7 chain mail of Wuucreyt {Int+4} (You found
                  | it in a treasure trove)
 54412 | Trove    | Identified the +1 chain mail of Benevolence {+Fly rElec
                  | rN+} (You found it in a treasure trove)
 54413 | Trove    | Identified the +8 plate armour of a Billion Tales {rC+
                  | Int+2} (You found it in a treasure trove)
 54414 | Trove    | Identified the +0 cloak of the Evening Star {rElec Str-3
                  | Dex+8 Stlth+} (You found it in a treasure trove)
 54607 | Depths:1 | Entered Level 1 of the Depths
 54838 | Depths:1 | Found a one-way gate to the infinite horrors of the Abyss.
 54953 | Depths:1 | Got a crystal longbow
 55562 | Depths:1 | Found a gateway to Hell.
 56109 | Depths:2 | Found a glowing golden altar of the Shining One.
 56497 | Depths:1 | Found the +6 Majin-Bo {vamp, Archmagi MP+6 Int+6}
 56715 | Depths:3 | Found a gateway to a ziggurat.
 56957 | Depths:3 | Found a one-way gate leading to the halls of Pandemonium.
 57278 | Depths:3 | Identified the amulet of Xom's Generosity {Harm *Drain rC+}
 57454 | Depths:3 | Found a transporter.
 57457 | Depths:3 | Found a shimmering blue altar of Sif Muna.
 57640 | Depths:3 | Got an ichor-stained cloak
 57677 | Depths:3 | Identified the +2 cloak of the Butcher {*Contam rF+ rN+++
                  | Dex+2} (You found it on level 3 of the Depths)
 57751 | Depths:3 | Found a transporter.
 57802 | Depths:4 | Noticed a juggernaut
 57809 | Depths:4 | Killed a juggernaut
 57809 | Depths:4 | Reached skill level 21 in Axes
 58616 | Depths:4 | Identified the Catalogue of Arcane Weapons
 58628 | Depths:4 | Gained mutation: You are significantly more attuned to the
                  | shadows. [demonic ancestry]
 58628 | Depths:4 | Reached XP level 25. HP: 204/204 MP: 32/36
 58684 | Depths:5 | Entered Level 5 of the Depths
 58956 | Depths:5 | Found a gate to the Realm of Zot.
 59982 | Depths:5 | Found Cymiamm's Gadget Shop.
 59983 | Depths:5 | Found Peudil Yrro's Gadget Shop.
 59983 | Depths:5 | Found Rejil's Jewellery Emporium.
 60131 | Zot:1    | Entered Level 1 of the Realm of Zot
 60433 | Zot:2    | Learned a level 1 spell: Apportation
 60444 | Zot:2    | Noticed a Killer Klown
 60477 | Zot:2    | Killed a Killer Klown
 61026 | Zot:5    | Entered Level 5 of the Realm of Zot
 61185 | Zot:5    | Noticed an ancient lich
 61185 | Zot:5    | Noticed an ancient lich
 61193 | Zot:5    | Noticed a Killer Klown
 61202 | Zot:5    | Killed an ancient lich
 61205 | Zot:5    | Noticed an ancient lich
 61205 | Zot:5    | Noticed an ancient lich
 61205 | Zot:5    | Noticed an orb of fire
 61212 | Zot:5    | Killed a Killer Klown
 61212 | Zot:5    | Reached skill level 22 in Axes
 61214 | Zot:5    | Killed an ancient lich
 61216 | Zot:5    | Killed an ancient lich
 61216 | Zot:5    | Killed an orb of fire
 61216 | Zot:5    | Killed an ancient lich
 61251 | Zot:5    | HP: 8/208 [Orb Guardian (10)]
 61251 | Zot:5    | HP: 2/208 [Orb Guardian (6)]
 61891 | Zot:5    | Gained mutation: You are completely attuned to the shadows.
                  | [demonic ancestry]
 61891 | Zot:5    | Reached XP level 26. HP: 216/216 MP: 34/36
 62398 | Zot:5    | Noticed an ancient lich
 62402 | Zot:5    | Killed an ancient lich
 62756 | Zot:5    | Reached skill level 23 in Axes
 62756 | Zot:5    | Noticed an orb of fire
 62764 | Zot:5    | Gained mutation: You tend to lose your temper in combat.
                  | [an orb of fire]
 62765 | Zot:5    | Noticed an ancient lich
 62772 | Zot:5    | Killed an orb of fire
 62775 | Zot:5    | Killed an ancient lich
 63030 | Zot:5    | Lost mutation: You expend magic power (3 MP) to strengthen
                  | your wands. [potion of mutation]
 63030 | Zot:5    | Lost mutation: You tend to lose your temper in combat.
                  | [potion of mutation]
 63030 | Zot:5    | Lost mutation: Your flesh is cold resistant. (rC+) [potion
                  | of mutation]
 63030 | Zot:5    | Lost mutation: Potions are less effective at restoring your
                  | health. [potion of mutation]
 63030 | Zot:5    | Gained mutation: You are resistant to hostile enchantments.
                  | (MR+) [potion of mutation]
 63030 | Zot:5    | Gained mutation: You are frail. (-10% HP) [potion of
                  | mutation]
 63030 | Zot:5    | Gained mutation: You are clumsy. (Dex -2) [potion of
                  | mutation]
 63030 | Zot:5    | Gained mutation: Your system is resistant to poisons.
                  | (rPois) [potion of mutation]
 63031 | Zot:5    | Lost mutation: You are clumsy. (Dex -2) [potion of
                  | mutation]
 63031 | Zot:5    | Lost mutation: You are resistant to hostile enchantments.
                  | (MR+) [potion of mutation]
 63031 | Zot:5    | Lost mutation: You are frail. (-10% HP) [potion of
                  | mutation]
 63031 | Zot:5    | Lost mutation: Your system is resistant to poisons. (rPois)
                  | [potion of mutation]
 63031 | Zot:5    | Gained mutation: You are weak. (Str -2) [potion of
                  | mutation]
 63031 | Zot:5    | Gained mutation: You expend magic power (3 MP) to
                  | strengthen your wands. [potion of mutation]
 64139 | Snake:2  | Bought a manual of Translocations for 1214 gold pieces
 64139 | Snake:2  | Bought a book of the Warp for 990 gold pieces
 65616 | Zot:4    | Reached skill level 10 in Translocations
 65940 | Zot:4    | Found a huge runed gate.
 65940 | Zot:4    | Found a huge runed gate.
 65941 | Zot:4    | Found a huge runed gate.
 65941 | Zot:4    | Found a huge runed gate.
 65942 | Zot:4    | Found a huge runed gate.
 65942 | Zot:4    | Found a huge runed gate.
 65942 | Zot:4    | Found a huge runed gate.
 65971 | Zot:4    | Found a huge runed gate.
 65971 | Zot:4    | Found a huge runed gate.
 65971 | Zot:4    | Found a huge runed gate.
 65971 | Zot:4    | Found a huge runed gate.
 65971 | Zot:4    | Found a huge runed gate.
 65972 | Zot:4    | Found a huge runed gate.
 65972 | Zot:4    | Found a huge runed gate.
 65976 | Zot:4    | Found a huge runed gate.
 65977 | Zot:4    | Found a huge runed gate.
 66019 | Zot:4    | Identified the +2 great sword "Juba" {flame, +Blink rF+
                  | Str-5}
 66055 | Zot:4    | Found a huge runed gate.
 66055 | Zot:4    | Found a huge runed gate.
 66055 | Zot:4    | Found a huge runed gate.
 66056 | Zot:4    | Found a huge runed gate.
 66136 | Zot:4    | Found a huge runed gate.
 66136 | Zot:4    | Found a huge runed gate.
 66136 | Zot:4    | Found a huge runed gate.
 66138 | Zot:4    | Found a huge runed gate.
 66139 | Zot:4    | Found a huge runed gate.
 66258 | Zot:3    | Reached XP level 27. HP: 226/226 MP: 6/36
 66453 | Zot:3    | You fall into a shaft and drop 1 floor!
 67295 | Zot:4    | Noticed an orb of fire
 67295 | Zot:4    | Noticed an orb of fire
 67296 | Zot:4    | Noticed an orb of fire
 67301 | Zot:4    | Killed an orb of fire
 67303 | Zot:4    | Killed an orb of fire
 67303 | Zot:4    | Reached skill level 15 in Translocations
 67304 | Zot:4    | Killed an orb of fire
 69519 | Zot:1    | Learned a level 8 spell: Controlled Blink
 69526 | Zot:1    | Learned a level 6 spell: Dispersal
 69606 | Hell     | Entered the Vestibule of Hell
 69610 | Hell     | Noticed Geryon
 69621 | Hell     | Killed Geryon
 69625 | Hell     | Noticed Murray
 69640 | Depths:5 | Killed Murray
 70038 | Hell     | Reached skill level 10 in Spellcasting
 70574 | Hell     | Found a gateway to the ashen valley of Gehenna.
 70858 | Hell     | Found a gateway to the Iron City of Dis.
 70958 | Hell     | Found a gateway to the decaying netherworld of Tartarus.
 71012 | Hell     | Found a gateway to the freezing wastes of Cocytus.
 71248 | Tar:1    | Entered Level 1 of Tartarus
 71763 | Tar:3    | You fall into a shaft and drop 3 floors!
 71915 | Tar:6    | Reached skill level 24 in Axes
 72969 | Tar:6    | FINALLY
 72970 | Tar:7    | Entered Level 7 of Tartarus
 73191 | Tar:7    | Reached skill level 25 in Axes
 73226 | Tar:7    | HP: 7/230 [reaper/+5 vorpal scythe (27)]
 73227 | Tar:7    | HP: 1/230 [soul eater/drain life (3)]
 73232 | Tar:7    | HP: 2/230 [Tzitzimitl (1)]
 73233 | Tar:7    | Demolished by a Tzitzimitl

Levels and vault maps discovered:
D:1:      scummos_arrival_simple_fountains, layout_loops_cross
D:2:      layout_rooms, lemuel_crystal_altar, nicolae_overflow_crystal_walls,
          grunt_qazlal_clouds
D:3:      kb_forest_paths, layout_loops_corners,
          nicolae_dithmenos_through_a_glass_darkly, grunt_gozag_statues
D:4:      layout_rooms, serial_shops, nicolae_shop_waterfront, uniq_duvessa,
          uniq_ijyb, uniq_eustachio
D:5:      layout_basic, temple_fountains, first_ration, nemelex_altar_shiori
D:6:      layout_basic, lemuel_round_altar, serial_aquarium,
          aquarium_bridge_square [aquarium_subvault_bridge,
          aquarium_subvault_window, aquarium_subvault_bridge,
          aquarium_subvault_wall], aquarium_bridge_square
          [aquarium_subvault_wall, aquarium_subvault_bridge,
          aquarium_subvault_wall, aquarium_subvault_wall], aquarium_window_fake,
          aquarium_window_corridor_2, aquarium_window_corner, aquarium_view_2d,
          aquarium_view_2e, aquarium_balcony_3b, minmay_misc_feat_more_columns,
          grunt_ministairs_3, uniq_prince_ribbit1, uniq_maggie
D:7:      layout_rooms, lemuel_coloured_pillars_altar, lemuel_crystal_altar,
          kennysheep_okawaru_gauntlet, serial_shops,
          nicolae_shop_temple_entry_statues_fountains,
          nicolae_ossuary_entry_plus, basic_altar
D:8:      wad_lake_hut, layout_basic, lemuel_crystal_altar, grunt_livestock,
          lemuel_tele_altar
D:9:      layout_irregular_city, lemuel_round_altar, kennysheep_little_box,
          enter_bailey_8
D:10:     layout_long_grid, serial_shops, shop, cheibriados_altar_1
D:11:     layout_basic, david_lair_generic, serial_shops,
          nicolae_shop_statue_plus, kennysheep_generic_room_4
D:12:     layout_roguey, david_orc_5, mrwooster_statue_mirror,
          minmay_ruined_shrine, uniq_nessos, uniq_snorg, uniq_frances,
          uniq_maurice
D:13:     layout_roguey, hangedman_vaults_entry_quadrant_bands, enter_trove_2,
          serial_shops, nicolae_shop_behind_doors, special_room
          [special_room_orc]
D:14:     layout_rooms, basic_altar
D:15:     gammafunk_enter_depths_forms, layout_gridville,
          hangedman_decor_opposing
Temple:   jpeg_temple_alley_garden
Lair:1:   statuecave_lemuel, layout_regular_city, grunt_megastairs_3,
          uniq_harold
Lair:2:   layout_hall_layers, portal_ice_cave_entry_imps, minmay_hedge_maze
Lair:3:   layout_hall_layers, guppyfry_snake_entry_island
Lair:4:   layout_regular_city, swamp_mist, lemuel_fruit_tree,
          lemuel_fruit_fields, uniq_nergalle, uniq_kirke
Lair:5:   layout_small_grid, basic_altar, uniq_rupert
Lair:6:   minmay_lair_end_enchanted_forest, layout_gridlike, slime_altar_1,
          serial_bayou_lagoon_a, infiniplex_staircase_pool
Swamp:1:  layout_basic_swamp, hangedman_swamp_ruin_wall,
          infiniplex_staircase_pool_2
Swamp:2:  layout_basic_swamp, lemuel_altar_in_water
Swamp:3:  layout_basic_swamp, hangedman_swamp_cone,
          nicolae_swamp_very_dense_foliage
Swamp:4:  swamp, layout_basic_swamp, lightli_tree_ring, uniq_donald
Snake:1:  layout_gridlike, st_stairs_12, minmay_shoptagon
Snake:2:  layout_layer_cave, st_stairs_9, grunt_megastairs_1, minmay_shop_star,
          uniq_louise
Snake:3:  layout_rooms
Snake:4:  grunt_snake_rune_pools, layout_cave_town, uniq_nikola,
          uniq_saint_roka, uniq_vashnia
Orc:1:    layout_diamond_mine, uniq_fannar, uniq_erolcha
Orc:2:    pubby_orc_utopia
Elf:1:    layout_geoelf_grid, basic_altar, minmay_elf_demonology, minivault_25
Elf:2:    layout_gridlike, serial_shops, nicolae_shop_stone, shop_statue,
          drop_trap, onia_ninara_cookie
Elf:3:    elf_hall, layout_geoelf_octagon, gammafunk_ghost_tricky_traps,
          abandoned_shop, guppyfry_elf_castle
Vaults:1: hangedman_vaults_maws, grunt_tower_of_power,
          nicolae_vaults_circle_grid_a, vaults_room_corners, v_misc_16,
          nicolae_vaults_network_periphery, v_misc_11, vaults_room_pool,
          hangedman_vaults_stretched_pinwheel, v_alt_pattern_3,
          ontoclasm_vaults_ring_square, vaults_dpeg_hooks, vaults_room_hallway,
          layout_vaults_ring
Vaults:2: hangedman_vaults_unwind, st_smaller_cells, v_misc_23,
          hangedman_vaults_capsules, v_misc_18, dpeg_vaults_monster_box,
          ontoclasm_vaults_gateway, layout_vaults_omnigrid
Vaults:3: blue_anna_dwarven_crypt, v_alt_pattern_6, nicolae_vaults_triangles,
          nicolae_vaults_little_squares_3, nicolae_vaults_disjoint_gnomons,
          ontoclasm_vaults_pinch, vaults_dpeg_ring,
          nicolae_vaults_mini_display_case, layout_vaults_chaotic_city,
          uniq_margery, uniq_asterion
Vaults:4: grunt_vaults_swirl, v_misc_1, vaults_mumra_minichess, v_rooms_5,
          v_pattern_3, hangedman_vaults_variations,
          nicolae_vaults_diagonal_hallway_7, v_alt_pattern_1,
          ontoclasm_vaults_bender, nicolae_vaults_little_squares_3,
          ontoclasm_vaults_shuriken, grunt_vaults_hallway_short,
          layout_vaults_omnicross
Vaults:5: uniq_jory
Depths:1: layout_gridlike, abyss_entry, grunt_hell_entry_dis_grunt,
          minmay_misc_feat_diagonals, hangedman_decor_clover_reticule,
          dpeg_stationary_puzzle, serial_bayou_shore_b, firewood_loft
Depths:2: wander_protected_by_tso, layout_cave_pools,
          hangedman_abyss_entry_splay, moated_statue, hell_entry
Depths:3: gammafunk_sealed_library, layout_basic, enter_ziggurat_c,
          rand_demon_pan_entry_9, abyss_entry, hell_entry,
          infiniplex_staircase_hallway_doors
Depths:4: minmay_outward_triangles, layout_gridlike, pf_hell_entry_great_geh,
          abyss_entry_small_statue_room, grunt_tough_drop
Depths:5: grunt_twist_and_shout, layout_cave_shapes, serial_bayou_ford_a,
          hell_entry, minmay_shop_grove
Hell
Tar:1:    layout_catacombs
Tar:2:    layout_honeycomb
Tar:3:    layout_grid_maze
Tar:6:    layout_grid_maze
Tar:7:    tar_minmay_river
Zot:1:    minmay_elemental_castle, layout_gridlike
Zot:2:    layout_basic
Zot:3:    layout_gridville
Zot:4:    layout_concentric_octagons, door_vault
Zot:5:    layout_onion

Skill      XL: |  1  2  3  4  5  6  7  8  9 10 11 12 13 14 15 16 17 18 19 20 21 22 23 24 25 26 27 |
---------------+----------------------------------------------------------------------------------+-----
Unarmed Combat | 2 3 4 5 6 7 9 |  9.0
Fighting       | 3 4 5 6 7 8 10 12 13 14 15 16 17 18 19 20 22 | 22.1
Dodging        | 2 3 4 5 7 9 11 12 13 14 15 16 | 16.9
Invocations    | 5 8 11 12 13 15 16 18 | 18.7
Evocations     | 1 5 |  5.0
Axes           | 4 11 12 13 14 15 16 17 18 19 20 21 22 23 25 | 25.1
Transmutations | 4 8 11 12 | 12.3
Earth Magic    | 4 8 11 12 | 12.3
Spellcasting   | 4 6 7 10 | 10.0
Conjurations   | 5 |  5.0
Translocations | 5 13 18 | 18.0
Throwing       | |  0.8
Armour         | |  0.8

Action                   |  1- 3 |  4- 6 |  7- 9 | 10-12 | 13-15 | 16-18 | 19-21 | 22-24 | 25-27 || total
-------------------------+-------+-------+-------+-------+-------+-------+-------+-------+-------++-------
Melee: Hand axe          |   143 |     3 |       |       |       |       |       |       |       ||   146
       Kick              |     5 |    29 |       |       |       |    23 |   172 |   129 |   343 ||   701
       Unarmed           |       |   208 |   434 |   151 |       |       |       |     9 |       ||   802
       Punch             |       |     4 |     9 |     2 |       |       |       |       |       ||    15
       Executioner's axe |       |       |       |   214 |   709 |   885 |   759 |   418 |  1083 ||  4068
Throw: Dart              |       |     2 |     2 |       |       |       |       |       |       ||     4
       Boomerang         |       |       |       |    15 |       |       |       |       |       ||    15
 Cast: Shroud of Golubri |       |     1 |     9 |     1 |     2 |       |       |       |       ||    13
       Lesser Beckoning  |       |       |       |       |     1 |       |     1 |     2 |    15 ||    19
       Statue Form       |       |       |       |       |       |    14 |    93 |    43 |    95 ||   245
       Irradiate         |       |       |       |       |       |       |     1 |       |     2 ||     3
       Apportation       |       |       |       |       |       |       |       |       |     1 ||     1
       Dispersal         |       |       |       |       |       |       |       |       |     1 ||     1
Invok: Stomp             |       |       |     1 |       |       |       |       |       |       ||     1
       Grand Finale      |       |       |       |       |       |     1 |       |     1 |     3 ||     5
       Line Pass         |       |       |       |       |       |       |       |       |     1 ||     1
 Abil: Evoke Flight      |       |       |       |     2 |       |       |       |       |       ||     2
       End Transformatio |       |       |       |       |       |       |     3 |     1 |     1 ||     5
Evoke: Wand              |       |       |     4 |     4 |     6 |     6 |    11 |     5 |    15 ||    51
       Phial of floods   |       |       |       |       |       |     1 |     1 |     1 |       ||     3
  Use: Potion            |     5 |     3 |     4 |     5 |     4 |     9 |     4 |     6 |    19 ||    59
       Scroll            |       |     8 |    10 |     9 |    10 |    12 |     8 |    11 |    16 ||    84
 Stab: Sleeping          |     1 |       |       |     4 |    12 |     8 |     4 |       |    15 ||    44
       Paralysed         |       |     3 |    17 |    26 |    80 |   100 |    62 |    76 |   178 ||   542
       Distracted        |       |       |       |     1 |     2 |     1 |     4 |     1 |     8 ||    17
       Confused          |       |       |       |       |       |       |       |     2 |     1 ||     3
  Eat: Chunk             |     4 |     9 |     8 |    17 |    28 |    27 |    41 |    23 |    27 ||   184
       Ration            |       |       |     2 |     1 |     1 |     8 |    16 |     7 |    22 ||    57
Armor: Leather armour    |    48 |    25 |       |       |       |       |       |       |       ||    73
       Steam dragon scal |       |    23 |    77 |    98 |   143 |       |       |       |       ||   341
       Skin              |       |     2 |    43 |     2 |       |    57 |   402 |   197 |   561 ||  1264
       Ring mail         |       |       |       |       |     6 |    50 |       |       |       ||    56
       Swamp dragon scal |       |       |       |       |       |   148 |       |       |       ||   148
       Robe              |       |       |       |       |       |     1 |     9 |    10 |    17 ||    37
Dodge: Dodged            |   122 |   119 |   287 |   433 |   942 |  1232 |  1292 |   760 |  1716 ||  6903
Block: Other             |       |     4 |    27 |    28 |    17 |       |       |       |       ||    76
       Reflection        |       |       |     2 |     4 |       |       |       |       |       ||     6

Table legend:
 A = Non-vault XP
 B = Vault XP
 C = Vault XP percentage of total XP
 D = Non-vault monster count
 E = Vault monster count
 F = Vault count percentage of total count
                 A         B        C        D         E       F
            +---------+---------+-------+---------+---------+-------
      Total |  978597 |  778989 |  44.3 |    1723 |     984 |  36.4
            +---------+---------+-------+---------+---------+-------
        D:1 |      54 |       0 |   0.0 |      22 |       0 |   0.0
        D:2 |      60 |       0 |   0.0 |      21 |       0 |   0.0
        D:3 |      63 |      27 |  30.0 |      15 |       6 |  28.6
        D:4 |     232 |     223 |  49.0 |      17 |       2 |  10.5
        D:5 |     528 |       0 |   0.0 |      12 |       0 |   0.0
        D:6 |     832 |     867 |  51.0 |      15 |      10 |  40.0
        D:7 |    1397 |       0 |   0.0 |      28 |       0 |   0.0
        D:8 |    1963 |     980 |  33.3 |      30 |       5 |  14.3
        D:9 |     943 |       0 |   0.0 |      19 |       0 |   0.0
       D:10 |    4281 |       0 |   0.0 |      37 |       0 |   0.0
       D:11 |    2308 |     998 |  30.2 |      16 |       5 |  23.8
       D:12 |   12402 |    7578 |  37.9 |      35 |      34 |  49.3
       D:13 |    8982 |    5156 |  36.5 |      38 |      40 |  51.3
       D:14 |   14282 |    1349 |   8.6 |      37 |       2 |   5.1
       D:15 |   11733 |    2936 |  20.0 |      32 |      11 |  25.6
     Lair:1 |    1726 |    1462 |  45.9 |       8 |       3 |  27.3
     Lair:2 |    4600 |     123 |   2.6 |      22 |      12 |  35.3
     Lair:3 |    6413 |     323 |   4.8 |      22 |       2 |   8.3
     Lair:4 |    3746 |    3674 |  49.5 |      14 |       6 |  30.0
     Lair:5 |    3375 |    2918 |  46.4 |      12 |       1 |   7.7
     Lair:6 |   21159 |    8550 |  28.8 |      57 |      44 |  43.6
    Swamp:1 |   13749 |       0 |   0.0 |      39 |       0 |   0.0
    Swamp:2 |   10815 |       0 |   0.0 |      29 |       0 |   0.0
    Swamp:3 |    8317 |    1026 |  11.0 |      19 |       1 |   5.0
    Swamp:4 |   13874 |   19354 |  58.2 |      39 |      24 |  38.1
    Snake:1 |   11982 |    1907 |  13.7 |      27 |       3 |  10.0
    Snake:2 |   16592 |    4754 |  22.3 |      36 |       6 |  14.3
    Snake:3 |   33032 |       0 |   0.0 |      65 |       0 |   0.0
    Snake:4 |   19081 |   61371 |  76.3 |      35 |      78 |  69.0
      Orc:1 |    1821 |    2027 |  52.7 |      12 |       2 |  14.3
      Orc:2 |       0 |   18401 | 100.0 |       0 |     139 | 100.0
      Elf:1 |   15074 |    3107 |  17.1 |      30 |       6 |  16.7
      Elf:2 |    8071 |   14747 |  64.6 |      15 |      23 |  60.5
      Elf:3 |   29076 |   50678 |  63.5 |      45 |      38 |  45.8
   Vaults:1 |   41232 |   11306 |  21.5 |      75 |      17 |  18.5
   Vaults:2 |   14772 |   14120 |  48.9 |      23 |      25 |  52.1
   Vaults:3 |   33278 |   15432 |  31.7 |      68 |      16 |  19.0
   Vaults:4 |   27536 |   38797 |  58.5 |      46 |      41 |  47.1
   Vaults:5 |   30300 |  105681 |  77.7 |      46 |      75 |  62.0
   Depths:1 |   40470 |    1007 |   2.4 |      66 |       2 |   2.9
   Depths:2 |   23800 |    1559 |   6.1 |      26 |       1 |   3.7
   Depths:3 |   24310 |   16308 |  40.1 |      25 |      20 |  44.4
   Depths:4 |   22590 |   17952 |  44.3 |      30 |      10 |  25.0
   Depths:5 |   33191 |   26390 |  44.3 |      27 |      21 |  43.8
       Hell |   19449 |   43512 |  69.1 |      31 |      69 |  69.0
      Tar:1 |     730 |       0 |   0.0 |       3 |       0 |   0.0
      Tar:2 |    8097 |       0 |   0.0 |      13 |       0 |   0.0
      Tar:3 |   39299 |       0 |   0.0 |      78 |       0 |   0.0
      Tar:6 |   78392 |       0 |   0.0 |     105 |       0 |   0.0
      Tar:7 |   29577 |   35403 |  54.5 |      31 |      33 |  51.6
      Zot:1 |   62572 |   24257 |  27.9 |      35 |      17 |  32.7
      Zot:2 |   31441 |       0 |   0.0 |      19 |       0 |   0.0
      Zot:3 |   31319 |       0 |   0.0 |      20 |       0 |   0.0
      Zot:4 |   65469 |   54390 |  45.4 |      32 |      16 |  33.3
      Zot:5 |   38210 |  146172 |  79.3 |      24 |      39 |  61.9
    Ossuary |       0 |     328 | 100.0 |       0 |      16 | 100.0
     Bailey |       0 |    2069 | 100.0 |       0 |      27 | 100.0
      IceCv |       0 |    9770 | 100.0 |       0 |      36 | 100.0
            +---------+---------+-------+---------+---------+-------
